 Dungeon Crawl Stone Soup version 0.20.1-1-g8b1a95d (webtiles) character file.

203 Zeloya the Gusty (level 6, -4/48 HPs)
             Began as a Kobold Air Elementalist on Nov 21, 2017.
             Slain by an ogre
             ... wielding a +0 giant club
              (14 damage)
             ... on level 3 of the Dungeon.
             The game lasted 00:10:21 (4749 turns).

Zeloya the Gusty (Kobold Air Elementalist)          Turns: 4749, Time: 00:10:21

Health: -4/48      AC: 23    Str:  6    XL:     6   Next: 8%
Magic:  6/9        EV:  3    Int: 18    God:
Gold:   172        SH:  0    Dex: 15    Spells: 8/9 levels left

rFire    . . .     SeeInvis .   x - +0 quarterstaff
rCold    . . .     Gourm    .   (shield currently unavailable)
rNeg     + + +     Faith    .   (armour currently unavailable)
rPois    +         Spirit   .   (helmet currently unavailable)
rElec    .         Reflect  .   (cloak currently unavailable)
rCorr    .         Harm     .   (gloves currently unavailable)
MR       .....     NoTele   +   (boots currently unavailable)
Stlth    ++........             (no amulet)
Regen    0.2/turn               (no ring)
MPRegen  0.2/turn               (no ring)

@: tree-form
A: carnivore 3
a: no special abilities


You were on level 3 of the Dungeon.
You were very full.
You were a tree.
You visited 1 branch of the dungeon, and saw 3 of its levels.

You collected 172 gold pieces.

Inventory:

Hand Weapons
 x - a +0 quarterstaff (weapon)
Armour
 a - a +0 robe (melded)
 d - a +0 pair of gloves (melded)
 v - a +0 helmet (melded)
Jewellery
 g - an uncursed amulet of guardian spirit
 k - a +2 amulet of reflection {unknown}
Scrolls
 e - a scroll of amnesia {unknown}
 f - 2 scrolls of fear {unknown}
 i - 2 scrolls of immolation {unknown}
 j - a scroll of enchant armour {unknown}
 l - a scroll of noise {unknown}
 m - 6 scrolls of remove curse {unknown}
 o - a scroll of magic mapping {unknown}
 p - 3 scrolls of identify {unknown}
 q - a scroll of teleportation {unknown}
 s - a scroll of enchant weapon {unknown}
Potions
 u - a potion of flight
Books
 b - a book of Air

   Spells                             Type                      Level
   a - Shock                          Conjuration/Air              1
   b - Swiftness                      Charms/Air                   2
   c - Static Discharge               Conjuration/Air              3
   d - Airstrike                      Air                          4
   e - Lightning Bolt                 Conjuration/Air              5
Comestibles
 c - 3 meat rations
 t - a royal jelly


   Skills:
 - Level 2.4 Dodging
 - Level 2.6 Stealth
 - Level 2.1 Spellcasting
 + Level 4.0 Conjurations
 + Level 4.8 Air Magic


You had 8 spell levels left.
You knew the following spells:

 Your Spells              Type           Power        Failure   Level  Hunger
a - Shock                 Conj/Air       ###.         3%          1    #......


Dungeon Overview and Level Annotations

Branches:
Dungeon (3/15)

Altars:

Annotations:
D:3 dscm's ghost, amateur DsGl


Innate Abilities, Weirdness & Mutations

You are small and have problems with some larger weapons.
You are carnivorous and can eat meat at any time.


Message History

Confirm with . or Enter, or press ? or * to list all spells.
Aiming: Shock
Press: ? - help, Shift-Dir - straight line, f/p - ogre
Aim: an ogre, wielding a giant club (lightly wounded)
The zap hits the ogre.
The ogre is lightly wounded.
The zap hits dscm's ghost.
Dscm's ghost is lightly damaged.
Unknown command.
Casting: Shock
Confirm with . or Enter, or press ? or * to list all spells.
Aiming: Shock
Press: ? - help, Shift-Dir - straight line, f/p - ogre
Aim: an ogre, wielding a giant club (lightly wounded)
The zap hits the ogre.
The ogre is moderately wounded.
The zap hits dscm's ghost.
Dscm's ghost is lightly damaged.
The ogre hits you with a giant club!
You die...

##...## ##################
#.....#####.......).....>...
#......)[...................
#.....#####.################
##.....#####.#
#.......#...).
#............## #.#
#.......#.##.# #.#
##.....##.##♣# #.#
#....###.##O# #.#
#.#.####.##W# #.#
#.#.#.......# #.#
#.#.#.#...#.#####.##########
#.#.#......#..W.............
#.#.#.....#.#####.#########.
#...#..#....W.....# ##
######...........#######


You could see an ogre and dscm's ghost.

Vanquished Creatures
  2 orc wizards (D:3)
  Robin (D:3)
  2 adders (D:3)
  An ooze (D:3)
  A dart slug (D:1)
  6 leopard geckos
  7 orcs (D:3)
  2 ball pythons
  7 bats
  9 giant cockroaches
  19 goblins
  6 hobgoblins
  12 jackals
  6 frilled lizards
  7 kobolds
  7 rats
95 creatures vanquished.

Vanquished Creatures (others)
  A bat (D:2)
  A frilled lizard (D:2)
2 creatures vanquished.

Grand Total: 97 creatures vanquished

Notes
Turn   | Place    | Note
-------+----------+-------------------------------------------
     0 | D:1      | Zeloya the Kobold Air Elementalist began the quest for the Orb.
     0 | D:1      | Reached XP level 1. HP: 10/10 MP: 3/3
   186 | D:1      | Reached XP level 2. HP: 5/15 MP: 0/5
  1076 | D:1      | Reached XP level 3. HP: 17/19 MP: 1/6
  1992 | D:2      | Reached XP level 4. HP: 24/24 MP: 5/7
  3134 | D:3      | Noticed Robin
  3144 | D:3      | Killed Robin
  3146 | D:3      | Reached XP level 5. HP: 18/28 MP: 1/8
  3386 | D:3      | Noticed dscm's ghost (amateur DsGl)
  4331 | D:3      | Reached XP level 6. HP: 25/32 MP: 4/9
  4741 | D:3      | Noticed an ogre
  4749 | D:3      | Slain by an ogre

Skill      XL: |  1  2  3  4  5  6 |
---------------+-------------------+-----
Conjurations   | 2 3 4 |  4.0
Air Magic      | 4 |  4.8
Dodging        | |  2.4
Stealth        | |  2.6
Spellcasting   | |  2.1

Action                   |  1- 3 |  4- 6 || total
-------------------------+-------+-------++-------
Melee: Unarmed           |    37 |    27 ||    64
       Quarterstaff      |       |    15 ||    15
 Cast: Shock             |    71 |   112 ||   183
  Use: Potion            |       |     7 ||     7
  Eat: Chunk             |    13 |     9 ||    22
Armor: Robe              |    20 |    18 ||    38
       Skin              |       |    28 ||    28
Dodge: Dodged            |    75 |    64 ||   139
